 Dungeon Crawl Stone Soup version 0.18.1-50-g88ac8fd (webtiles) character file.

46 Gargoyl the Skirmisher (level 3, -2/29 HPs)
             Began as a Demonspawn Abyssal Knight on Oct 3, 2016.
             Was a Follower of Lugonu.
             Slain by a worm (8 damage)
             ... on level 2 of the Dungeon.
             The game lasted 00:02:33 (1815 turns).

Gargoyl the Skirmisher (Demonspawn Abyssal Knight)  Turns: 1815, Time: 00:02:33

Health: -2/29      AC:  6    Str: 13    XL:     3   Next: 46%
Magic:  5/5        EV:  8    Int: 13    God:    Lugonu [*.....]
Gold:   127        SH:  7    Dex: 12    Spells: 0 memorised, 2 levels left

rFire  . . .     SeeInvis .     a - +1 hand axe
rCold  . . .     Gourm    .     b - +0 leather armour
rNeg   . . .     Faith    .     j - +0 shield
rPois  .         Spirit   .     s - +0 helmet (curse)
rElec  .         Dismiss  .     d - +1 cloak
rCorr  .         Reflect  .     (no gloves)
SustAt .         Harm     .     (no boots)
MR     .....                    (no amulet)
Stlth  +.........               (no ring)
                                (no ring)

@: not resistant to hostile enchantments, very unstealthy
A: hooves 1, rot immunity
a: Depart the Abyss, Renounce Religion


You were on level 2 of the Dungeon.
You worshipped Lugonu.
Lugonu was aware of your devotion.
You were not hungry.

You visited 1 branch of the dungeon, and saw 2 of its levels.
You visited the Abyss 1 time.

You collected 127 gold pieces.

Inventory:

Hand Weapons
 a - a +1 hand axe (weapon)
Missiles
 p - 7 tomahawks (quivered)
Armour
 b - a +0 leather armour (worn)
 d - a +1 cloak (worn)
 j - a +0 shield (worn)
 s - a cursed +0 helmet (worn)
Scrolls
 g - a scroll of remove curse {unknown}
 l - a scroll of identify {unknown}
 m - 2 scrolls of random uselessness {unknown}
Potions
 e - 2 potions of mutation {unknown}
 h - 3 potions of brilliance {unknown}
 i - a potion of flight {unknown}
 k - a potion of cure mutation {unknown}
 o - a potion of beneficial mutation {unknown}
 q - a potion of ambrosia {unknown}
Comestibles
 c - a bread ration
 f - a slice of pizza
 n - a meat ration
 r - 2 chunks of flesh


   Skills:
 + Level 3.2 Fighting
 + Level 2.0 Axes
 * Level 2.5 Armour
 + Level 1.5 Dodging
 + Level 0.5 Shields
 * Level 2.9 Invocations


You had 2 spell levels left.
You didn't know any spells.

Dungeon Overview and Level Annotations

Branches:
Dungeon (2/15)

Altars:


Innate Abilities, Weirdness & Mutations

You have large cloven feet.
You are immune to rotting.


Message History

The worm is moderately wounded.
The worm bites you.
You completely miss the worm.
The worm is lightly wounded.
You slash the worm!
The worm is heavily wounded.
The worm barely misses you.
You completely miss the worm. You kick the worm, but do no damage.
The worm is heavily wounded.
The worm bites you!
* * * LOW HITPOINT WARNING * * *
You hit the worm.
The worm is severely wounded.
The worm bites you but does no damage.
You hit the worm. You kick the worm, but do no damage.
The worm is severely wounded.
You hit the worm. You kick the worm, but do no damage.
The worm is almost dead.
The worm bites you!
You die...

#.. ... #.# ##.# ..#
###.###.## ......(..#
########
#.###..#####......#
.##..w@........####.#
......#...####### #.#
#.##.#.....# #.# #
##.?.## #.# .....#
#.# .......# #.#
#.#####.## ###.# #
#+# #...# #.###


You could see a worm.

Vanquished Creatures
  A gnoll (D:1)
  An adder (D:2)
  A dart slug (D:1)
  A giant gecko (D:1)
  A giant cockroach (D:1)
  2 goblins (D:2)
  3 hobgoblins (D:1)
  3 jackals (D:1)
  3 bats (D:1)
  4 giant newts
  3 kobolds (D:1)
  A rat (D:1)
24 creatures vanquished.

Notes
Turn   | Place    | Note
--------------------------------------------------------------
     0 | Abyss:1  | Gargoyl the Demonspawn Abyssal Knight began the quest for the Orb.
     0 | Abyss:1  | Reached XP level 1. HP: 18/18 MP: 2/2
   169 | Abyss:1  | Noticed an insubstantial wisp
   193 | Abyss:1  | Noticed a small abomination
   216 | Abyss:1  | Noticed a large abomination
   225 | D:1      | Escaped the Abyss
   240 | D:1      | Reached * piety under Lugonu
   297 | D:1      | Gained mutation: You are immune to rotting. [demonic ancestry]
   297 | D:1      | Reached XP level 2. HP: 9/24 MP: 4/4
   589 | D:1      | Reached skill level 1 in Dodging
  1189 | D:1      | Gained mutation: You have large cloven feet. [demonic ancestry]
  1189 | D:1      | Reached XP level 3. HP: 9/29 MP: 5/5
  1815 | D:2      | Slain by a worm

Skill      XL: |  1  2 |
---------------+-------+-----
Armour         | 2 |  2.5
Dodging        | 1 |  1.5
Axes           | 2 |  2.0
Fighting       | |  3.2
Shields        | |  0.5
Invocations    | |  2.9

Action                   || total
-------------------------++-------
Melee: Hand axe          ||    91
       Kick              ||     9
Invok: Depart the Abyss  ||     1
  Eat: Chunk             ||     3
Armor: Leather armour    ||    42
Dodge: Dodged            ||    66
Block: Shield            ||    15
